 Dungeon Crawl Stone Soup version 0.26-b1-57-gb162d0664a (webtiles) character file.

Game seed: 11416497919259912057

142779 KamiKatze the Severer (level 16, -4/144 HPs)
             Began as a Minotaur Berserker on Jan 8, 2021.
             Was the Champion of Trog.
             Killed from afar by Nikola (40 damage)
             ... with a chain lightning
             ... on level 2 of the Spider Nest.
             The game lasted 02:17:22 (26190 turns).

KamiKatze the Severer (Minotaur Berserker)         Turns: 26190, Time: 02:17:23

Health: -4/144     AC: 24    Str: 30    XL:     16   Next: 81%
Magic:  15/15      EV: 14    Int:  7    God:    Trog [******]
Gold:   1482       SH: 17    Dex:  8    Spells: 15/15 levels left

rFire    . . .     SeeInvis +   a - +6 broad axe (vorpal)
rCold    . . .     Faith    .   y - +3 kite shield {AC+3}
rNeg     + + +     Spirit   .   q - +0 chain mail "Moheorr" {rN+++ Int+3 Dex-4 SInv}
rPois    +         Reflect  .   (helmet restricted)
rElec    .         Harm     .   z - +0 cloak
rCorr    .         Rampage  .   M - +2 pair of gloves
Will     +....                  R - +2 pair of boots
Stlth    ..........             U - amulet of regeneration
HPRegen  0.74/turn              G - ring "Zogh" {Str+3 Slay+4}
MPRegen  0.14/turn              i - ring of poison resistance

@: no status effects
A: retaliatory headbutt, horns 2
a: Renounce Religion, Berserk, Trog's Hand, Brothers in Arms


You were on level 2 of the Spider Nest.
You worshipped Trog.
Trog was exalted by your worship.
You visited 5 branches of the dungeon, and saw 26 of its levels.
You also visited: Ice Cave and Volcano.

You collected 2562 gold pieces.
You spent 1080 gold pieces at shops.

Inventory:

Hand Weapons
 a - a +6 vorpal broad axe (weapon)
 b - a +5 vorpal broad axe
 w - a +3 flail of holy wrath
Missiles
 c - 709 stones
 f - 5 silver javelins
 r - 28 boomerangs
 D - 48 poisoned darts (quivered)
 T - 6 curare-tipped darts
 X - 2 throwing nets
Armour
 p - a +1 plate armour of cold resistance
 q - the +0 chain mail "Moheorr" (worn) {rN+++ Int+3 Dex-4 SInv}
   (You found it on level 4 of the Dungeon)

   It affects your intelligence (+3).
   It affects your dexterity (-4).
   It renders you almost immune to negative energy.
   It lets you see invisible.
 y - a +3 kite shield of protection (worn)
 z - a +0 cloak (worn)
 M - a +2 pair of gloves (worn)
 R - a +2 pair of boots (worn)
Jewellery
 h - an uncursed amulet of the acrobat
 i - a ring of poison resistance (right hand)
 A - an uncursed ring of fire
 G - the ring "Zogh" (left hand) {Str+3 Slay+4}
   (You found it on level 5 of the Lair of Beasts)

   [ring of slaying]

   It affects your strength (+3).
   It affects your accuracy and damage with ranged weapons and melee attacks
   (+4).
 H - an uncursed ring of resist corrosion
 O - an uncursed ring of willpower
 U - an amulet of regeneration (around neck)
Wands
 d - a wand of disintegration (15)
 j - a wand of acid (14)
 o - a wand of polymorph (10)
 x - a wand of iceblast (16)
 Y - a wand of paralysis (17)
 Z - a wand of flame (26)
Scrolls
 e - 4 scrolls of magic mapping
 n - 10 scrolls of teleportation
 F - 2 scrolls of blinking
 J - 6 scrolls of fog
 K - 7 scrolls of identify
 W - a scroll of remove curse
Potions
 g - 8 potions of curing
 k - 4 potions of lignification
 l - 3 potions of heal wounds
 m - 4 potions of cancellation
 s - a potion of attraction
 t - 11 potions of might
 u - 3 potions of resistance
 v - 3 potions of invisibility
 B - 7 potions of haste
 P - 3 potions of ambrosia
 Q - 5 potions of berserk rage
Miscellaneous
 L - a condenser vane (inert)


   Skills:
 + Level 13.4 Fighting
 + Level 20.2 Axes
 - Level 2.0 Throwing
 + Level 13.3 Armour
 + Level 12.3 Dodging
 + Level 15.3 Shields
 - Level 6.0 Evocations


You had 15 spell levels left.
You didn't know any spells.
Your spell library was empty.

Dungeon Overview and Level Annotations

Branches:
Dungeon (15/15)            Temple (1/1) D:5            Lair (6/6) D:8
 Shoals (0/4) Lair:2       Spider (2/4) Lair:4        Slime (0/5) Lair:6
    Orc (2/2) D:9             Elf (0/3) Orc:2        Vaults (0/5) D:14
 Depths (0/5) D:15          IceCv (visited)         Volcano (visited)

Altars:
Ashenzari
Cheibriados
Dithmenos
Elyvilon
Fedhas
Gozag
Hepliaklqana
Kikubaaqudgha
Makhleb
Nemelex Xobeh
Okawaru
Qazlal
Ru
Sif Muna
Trog
Uskayaw
Vehumet
Wu Jian
Xom
Yredelemnul
Zin
The Shining One
Beogh
Jiyva

Shops:
D:7 [   D:9 =   D:10 *(   D:13 ?   D:14 :   Orc:1 (   Orc:2 [=(*

Annotations:
Spider:2 Nikola


Innate Abilities, Weirdness & Mutations

You reflexively headbutt those who attack you in melee.
You have a pair of horns on your head.


Message History

Clouds of negative energy condense around you!
The condenser dries out!
Nikola is engulfed in negative energy.
Unknown command.
Nikola is engulfed in negative energy.
Nikola casts a spell.
Nikola blinks!
Nikola warns, "If you see one of my golems, approach with caution, they bite."
Nikola mumbles some strange words.
You hear a mighty clap of thunder!
The lightning arc hits you!!
The lightning arc hits Nikola!
The lightning arc hits you!!
The lightning arc hits Nikola.
The lightning arc hits you!
* * * LOW HITPOINT WARNING * * *
The lightning arc hits Nikola!
Nikola casts a spell.
You hear a mighty clap of thunder!
The lightning arc hits you!
* * * LOW HITPOINT WARNING * * *
The lightning arc hits Nikola!
The lightning arc hits you!!!
You die...

................###
##.............##
#!............@###
#................##
..................#
........^.###.^..#
.........#.....##
........#.....##
.......#..@...##
..####.###<.#..#
.##..####.^...##
#......^.##..#
#.........####
#..#.....##
#..##^..##
##..##### ##..##


You could see Nikola (drained).

Vanquished Creatures
  Arachne (Spider:1)
  A frost giant (IceCv)
  The ghost of barkas the Spear-Bearer, a journeyman CeMo of Okawaru (Orc:2)
  2 orc warlords (Orc:2)
  A red draconian (Volcano)
  2 fire dragons (D:15)
  Josephine (D:14)
  4 vault guards (D:14)
  4 boulder beetles
  A centaur warrior (D:15)
  4 hydras
  A merfolk avatar (Lair:6)
  13 two-headed ogres
  A tengu warrior (D:9)
  3 ogre magi
  An orc high priest (Orc:2)
  3 death yaks
  Sonja (Lair:1)
  2 unseen horrors (D:12)
  Pikel (D:5)
  5 lindwurms (Lair:6)
  3 oklob plants (Lair:5)
  4 orc knights
  10 ugly things
  5 wolf spiders
  A deep elf mage (D:14)
  2 moths of wrath
  5 orc sorcerers (Orc:2)
  A cyclops (D:12)
  8 manticores
  7 slime creatures
  6 orb spiders
  3 ice statues (IceCv)
  7 elephants
  7 black mambas
  Joseph (D:8)
  2 gargoyles (D:14)
  3 centaur zombies
  A torpor snail (Lair:5)
  14 komodo dragons
  15 cane toads
  A demonic crawler (Spider:1)
  A freezing wraith (D:15)
  A yaktaur (D:14)
  4 kobold demonologists (D:15)
  4 rime drakes (Lair:6)
  A tengu conjurer (D:14)
  9 trolls
  A jumping spider (Spider:1)
  5 hornets
  22 polar bears
  11 blink frogs
  8 tarantellas
  5 spriggans (D:9)
  A shadow (D:14)
  12 redbacks
  3 wraiths (D:14)
  6 wyverns
  2 vampires
  66 yaks
  5 fire bats (Volcano)
  4 basilisks
  A human (D:14)
  2 vampire mosquitoes (D:14)
  2 steam dragons
  2 soldier ants (D:12)
  13 water moccasins
  Edmund (D:6)
  2 phantoms
  33 orc warriors
  11 ice beasts
  6 necrophages (Lair:5)
  4 sky beasts
  A hornet zombie (D:10)
  4 black bears
  2 eyes of draining
  41 wolves
  16 ogres
  15 centaurs
  3 lemures
  A big kobold (D:8)
  28 bullfrogs
  A gnoll sergeant (D:8)
  A wyvern zombie (D:6)
  A wyvern skeleton (D:13)
  8 scorpions
  A water moccasin skeleton (D:5)
  12 killer bees
  6 wights
  11 howler monkeys
  7 lava snakes (Volcano)
  7 hounds
  2 bullfrog zombies
  4 quasits
  36 orc wizards
  22 orc priests
  8 jellies
  A bullfrog skeleton (D:7)
  6 centaur skeletons
  8 iguanas
  7 worker ants
  A hound zombie (D:5)
  A hound skeleton (D:10)
  A worker ant zombie (D:10)
  A howler monkey zombie (D:10)
  8 gnolls
  16 adders
  2 howler monkey skeletons
  3 shadow imps
  4 white imps
  5 ufetubi
  3 oozes
  An adder zombie (D:7)
  4 adder skeletons
  A worm (D:6)
  4 dart slugs
  3 leopard geckos
  96 orcs
  14 bats
  6 giant cockroaches
  7 goblins
  8 hobgoblins
  5 quokkas
  3 ball pythons
  8 frilled lizards
  A jackal skeleton (D:8)
  18 kobolds
  A leopard gecko skeleton (D:5)
  A leopard gecko zombie (D:5)
  2 quokka skeletons
  A quokka zombie (D:8)
  2 rats
898 creatures vanquished.

Vanquished Creatures (others)
  A yak (IceCv)
  29 fungi
  63 plants
93 creatures vanquished.

Grand Total: 991 creatures vanquished

Notes
Turn   | Place    | Note
-------+----------+-------------------------------------------
     0 | D:1      | KamiKatze the Minotaur Berserker began the quest for the
                  | Orb.
     0 | D:1      | Reached XP level 1. HP: 19/19 MP: 0/0
   228 | D:1      | Reached XP level 2. HP: 27/27 MP: 1/1
   253 | D:1      | Reached skill level 4 in Axes
   490 | D:2      | Reached XP level 3. HP: 33/33 MP: 2/2
   578 | D:2      | Reached ** piety under Trog
   709 | D:2      | Reached skill level 1 in Throwing
   712 | D:2      | Reached XP level 4. HP: 25/40 MP: 3/3
  1053 | D:2      | Found a faded altar of an unknown god.
  1685 | D:3      | Reached XP level 5. HP: 46/46 MP: 4/4
  1895 | D:3      | Reached skill level 5 in Axes
  2352 | D:4      | Got an ichor-stained chain mail
  2363 | D:4      | Identified the cursed +0 chain mail "Moheorr" {rN+++ Int+3
                  | Dex-4 SInv} (You found it on level 4 of the Dungeon)
  2509 | D:4      | Reached XP level 6. HP: 53/53 MP: 5/5
  2650 | D:3      | Reached *** piety under Trog
  2651 | D:3      | Reached skill level 6 in Axes
  2681 | D:4      | Reached skill level 5 in Fighting
  2883 | D:4      | Reached XP level 7. HP: 40/61 MP: 6/6
  3382 | D:5      | Entered Level 5 of the Dungeon
  3428 | D:5      | Found a staircase to the Ecumenical Temple.
  3433 | D:5      | Noticed Pikel
  3437 | Temple   | Entered the Ecumenical Temple
  3721 | D:5      | Killed Pikel
  3722 | D:5      | Reached skill level 7 in Axes
  3722 | D:5      | Reached skill level 5 in Armour
  3722 | D:5      | Reached XP level 8. HP: 70/70 MP: 7/7
  4001 | D:5      | Reached skill level 8 in Axes
  4001 | D:5      | Reached skill level 5 in Dodging
  4491 | D:5      | Reached **** piety under Trog
  4622 | D:5      | Reached skill level 9 in Axes
  4927 | D:5      | Reached XP level 9. HP: 72/79 MP: 8/8
  5085 | D:6      | Noticed Edmund
  5115 | D:6      | Killed Edmund
  5243 | D:6      | Reached skill level 10 in Axes
  5655 | D:7      | Found Kacufiux's Armour Shop.
  6687 | D:7      | Reached skill level 11 in Axes
  6788 | D:8      | Reached ***** piety under Trog
  7048 | D:8      | Reached XP level 10. HP: 53/90 MP: 9/9
  7151 | D:8      | Reached skill level 1 in Shields
  7280 | D:8      | Found a glowing golden altar of the Shining One.
  7481 | D:8      | Noticed Joseph
  7502 | D:8      | Killed Joseph
  7574 | D:8      | Found a staircase to the Lair.
  7812 | D:9      | Found a staircase to the Orcish Mines.
  8002 | D:9      | Noticed a tengu warrior
  8050 | D:9      | Killed a tengu warrior
  8070 | D:9      | Reached skill level 12 in Axes
  8127 | D:9      | Found a sparkling altar of Nemelex Xobeh.
  8310 | D:9      | Found Neiter's Jewellery Boutique.
  8387 | D:9      | Reached skill level 5 in Shields
  8465 | D:9      | Paralysed by a hornet for 2 turns
  8745 | D:9      | Received a gift from Trog
  8746 | D:9      | Reached XP level 11. HP: 58/97 MP: 10/10
  8948 | D:7      | Bought a +1 plate armour of poison resistance for 352 gold
                  | pieces
  9035 | D:10     | Entered Level 10 of the Dungeon
  9050 | D:10     | Found Esaef's Antique Weapon Boutique.
  9488 | D:10     | Found Sontejo's Assorted Antiques.
  9890 | Lair:1   | Entered Level 1 of the Lair of Beasts
  9910 | D:8      | Reached skill level 13 in Axes
 10164 | Lair:1   | Reached skill level 10 in Fighting
 10528 | Lair:1   | Noticed Sonja
 10536 | Lair:1   | Killed Sonja
 10540 | Lair:1   | Reached skill level 10 in Armour
 10609 | Lair:1   | Reached skill level 1 in Evocations
 11106 | Lair:2   | Found a staircase to the Shoals.
 11164 | Lair:2   | Reached ****** piety under Trog
 11170 | Lair:2   | Reached XP level 12. HP: 100/107 MP: 11/11
 11236 | Lair:2   | Reached skill level 14 in Axes
 12157 | Lair:3   | Reached skill level 10 in Dodging
 12771 | Lair:4   | Noticed a boulder beetle
 12781 | Lair:4   | Killed a boulder beetle
 13140 | Lair:4   | Found a hole to the Spider Nest.
 13215 | Lair:4   | Reached skill level 15 in Axes
 13588 | Lair:5   | Reached XP level 13. HP: 101/116 MP: 12/12
 13602 | Lair:5   | You fall into a shaft and drop 1 floor!
 13602 | Lair:6   | Entered Level 6 of the Lair of Beasts
 13718 | Lair:5   | Reached XP level 14. HP: 124/124 MP: 13/13
 14080 | Lair:5   | Found a dark tunnel.
 14090 | Volcano  | Entered a volcano
 14498 | Volcano  | Found a radiant altar of Vehumet.
 14523 | Volcano  | Found a burning altar of Makhleb.
 14652 | Lair:5   | Received a gift from Trog
 14659 | Lair:5   | Reached skill level 16 in Axes
 14776 | Lair:5   | Got a clouded tin ring
 14779 | Lair:5   | Identified the ring "Zogh" {Str+3 Slay+4} (You found it on
                  | level 5 of the Lair of Beasts)
 15411 | Lair:6   | Found a runed translucent door.
 15800 | Lair:6   | Found a viscous altar of Jiyva.
 15800 | Lair:6   | Found a staircase to the Slime Pits.
 16285 | Lair:6   | Reached XP level 15. HP: 117/133 MP: 14/14
 16857 | Orc:1    | Entered Level 1 of the Orcish Mines
 17117 | Orc:1    | Found Votuigee's Antique Weapon Shoppe.
 17353 | Orc:2    | Entered Level 2 of the Orcish Mines
 17377 | Orc:2    | Received a gift from Trog
 17385 | Orc:2    | Reached skill level 15 in Shields
 17413 | Orc:2    | Noticed barkas's ghost (journeyman CeMo)
 17516 | Orc:2    | Found a runed translucent gate.
 17517 | Orc:2    | Found a runed translucent gate.
 17971 | Orc:2    | Found a runed translucent gate.
 18225 | Orc:2    | Paralysed by an orc sorcerer for 3 turns
 18262 | Orc:2    | Noticed an orc warlord
 18288 | Orc:2    | Killed an orc warlord
 18345 | Orc:2    | Found a staircase to the Elven Halls.
 18389 | Orc:2    | Found a roughly hewn altar of Beogh.
 18527 | Orc:2    | Noticed an orc warlord
 18556 | Orc:2    | Killed an orc warlord
 18680 | Orc:2    | Found a roughly hewn altar of Beogh.
 18718 | Orc:2    | Found Weczekh's Antique Armour Emporium.
 18738 | Orc:2    | Found Kimel's Jewellery Emporium.
 18756 | Orc:2    | Found Kasim's General Store.
 18759 | Orc:2    | Received a gift from Trog
 18825 | Orc:2    | Found Jellutz's Antique Weapon Emporium.
 18890 | Orc:2    | Killed barkas's ghost
 18953 | Orc:2    | Bought an uncursed amulet of regeneration for 360 gold
                  | pieces
 19376 | D:11     | Found a frozen archway.
 19405 | IceCv    | Entered an ice cave
 19884 | IceCv    | Reached skill level 5 in Evocations
 20020 | IceCv    | Reached skill level 17 in Axes
 20072 | IceCv    | Noticed a frost giant
 20101 | IceCv    | Killed a frost giant
 20188 | IceCv    | Received a gift from Trog
 20258 | IceCv    | Got a shimmering great sword
 20385 | D:10     | Bought a steel ring for 160 gold pieces
 20385 | D:10     | Bought a jade ring for 160 gold pieces
 20604 | D:11     | Found a hide-covered altar of Uskayaw.
 22320 | D:13     | Received a gift from Trog
 22505 | D:13     | Found Azavof's Magic Scroll Shoppe.
 22514 | D:13     | Bought a scroll of teleportation for 48 gold pieces
 22586 | D:13     | Reached skill level 18 in Axes
 23160 | D:14     | Reached XP level 16. HP: 143/143 MP: 15/15
 23235 | D:14     | Noticed Josephine
 23243 | D:14     | Killed Josephine
 23314 | D:14     | Found Avvic's Book Boutique.
 23592 | D:14     | Reached skill level 19 in Axes
 23642 | D:14     | Found a gate to the Vaults.
 23775 | D:15     | Entered Level 15 of the Dungeon
 24194 | D:15     | Received a gift from Trog
 24277 | D:15     | Reached skill level 20 in Axes
 24428 | D:15     | Found a staircase to the Depths.
 25007 | Spider:1 | Entered Level 1 of the Spider Nest
 25644 | Spider:2 | Noticed Arachne
 25698 | Spider:1 | Killed Arachne
 25993 | Spider:2 | Noticed Nikola
 26190 | Spider:2 | Killed from afar by Nikola

Illustrated notes

Levels and vault maps discovered:
D:1:      minmay_arrival_checkered_box, layout_basic
D:2:      layout_rooms, chequers_ecumenical_altar_twisty
D:3:      layout_basic
D:4:      layout_basic
D:5:      kennysheep_windowed_halls, layout_basic,
          minmay_temple_entry_gardened_gates, palyth_stone_intersect,
          st_stairs_9, uniq_pikel
D:6:      layout_rooms, st_stairs_14, uniq_edmund
D:7:      layout_layer_cave, serial_shops, shop, st_stairs_12,
          nicolae_water_bricks, hangedman_decor_clover_reticule
D:8:      layout_basic, kennysheep_mini, dpeg_oklobed_lair, moated_statue,
          uniq_joseph
D:9:      kb_forest_paths, layout_rooms, serial_shops, nicolae_shop_statue_plus,
          nemelex_dance_club_becter
D:10:     layout_cave_pools, serial_shops, shop_coins, shop
D:11:     layout_long_grid, basic_altar, portal_ice_cave_entry_ice_beasts
D:12:     cheibrodos_barr_body, layout_irregular_city
D:13:     layout_grid_maze, serial_shops, shop
D:14:     layout_cave_pools, grunt_vaults_entry_fortified, serial_shops,
          nicolae_shop_trees, serial_park_avenue1, uniq_josephine
D:15:     grunt_enter_depths_hoard, layout_irregular_city
Temple:   minmay_crystal_snake_temple
Lair:1:   layout_chaotic_city, infiniplex_staircase_pool_2, grunt_megastairs_4,
          uniq_sonja
Lair:2:   layout_regular_city, elwin_shoals_entry_rocks
Lair:3:   layout_cave_shapes, st_stairs_8
Lair:4:   layout_regular_city, dummy_spider_entry, lemuel_fruit_tree
Lair:5:   layout_small_grid, enter_volcano_2, roderic_carrion_pond,
          minmay_lair_oklob_chamber, lemuel_fruit_fields
Lair:6:   gammafunk_lair_ancient_temple, layout_gridlike, slime_altar_2,
          minmay_lindwurm_lava
Spider:1: layout_spider_delve, drop_trap, hangedman_spider_tarantella_strand
Spider:2: layout_spider_delve, nicolae_spider_webbed_stairs, uniq_arachne,
          uniq_aizul, uniq_nikola
Orc:1:    layout_caves, serial_shops, nicolae_shop_behind_doors
Orc:2:    grunt_orc_cross, layout_diamond_mine, basic_altar,
          gammafunk_ghost_split

Skill      XL: |  1  2  3  4  5  6  7  8  9 10 11 12 13 14 15 16 |
---------------+-------------------------------------------------+-----
Axes           | 4 5 6 7 9 11 12 13 15 16 18 20 | 20.2
Fighting       | 4 5 6 7 8 9 10 11 12 13 | 13.4
Armour         | 3 4 5 6 8 9 10 11 12 13 | 13.3
Throwing       | 1 2 |  2.0
Dodging        | 3 4 6 7 8 9 10 11 12 | 12.3
Shields        | 5 7 8 11 14 15 | 15.3
Evocations     | 1 3 6 |  6.0

Action                   |  1- 3 |  4- 6 |  7- 9 | 10-12 | 13-15 | 16-18 || total
-------------------------+-------+-------+-------+-------+-------+-------++-------
Melee: Hand axe          |    64 |   183 |   405 |   217 |       |       ||   869
       Headbutt          |     8 |    31 |    65 |   147 |   248 |    75 ||   574
       War axe           |       |       |       |   456 |   612 |       ||  1068
       Flail             |       |       |       |       |    24 |    12 ||    36
       Broad axe         |       |       |       |       |   408 |   265 ||   673
Throw: Dart              |       |    11 |    86 |    27 |    72 |    20 ||   216
       Boomerang         |       |       |       |       |     4 |       ||     4
       Stone             |       |       |       |       |     1 |       ||     1
Invok: Berserk           |     2 |     1 |     3 |     5 |     1 |       ||    12
       Trog's Hand       |       |       |     1 |     2 |     3 |     3 ||     9
       Brothers in Arms  |       |       |       |       |       |     1 ||     1
Evoke: Wand              |       |       |       |     3 |       |     1 ||     4
       Condenser vane    |       |       |       |       |       |     1 ||     1
  Use: Scroll            |       |       |    11 |     9 |    11 |     1 ||    32
       Potion            |       |       |     1 |     1 |     1 |     1 ||     4
Armor: Animal skin       |    21 |       |       |       |       |       ||    21
       Ring mail         |       |    20 |       |       |       |       ||    20
       Chain mail        |       |    36 |   242 |    92 |    92 |    88 ||   550
       Plate armour      |       |       |       |   206 |   137 |       ||   343
Dodge: Dodged            |    64 |    85 |   200 |   308 |   306 |    93 ||  1056
Block: Buckler           |       |       |       |   119 |    95 |       ||   214
       Kite shield       |       |       |       |       |   408 |   207 ||   615
